 Dungeon Crawl Stone Soup version 0.23-a0-435-g79ed067 (webtiles) character file.

35205 Inarius the Cleaver (level 13, -2/111 HPs)
             Began as a Ghoul Fighter on Nov 15, 2018.
             Was a High Priest of Okawaru.
             Slain by a death knight
             ... wielding a +3 great sword
              (14 damage)
             ... on level 12 of the Dungeon.
             The game lasted 00:30:35 (11401 turns).

Inarius the Cleaver (Ghoul Fighter)                Turns: 11401, Time: 00:30:36

Health: -2/111     AC: 20    Str: 23    XL:     13   Next: 82%
Magic:  17/17      EV:  3    Int:  7    God:    Okawaru [*****.]
Gold:   587        SH: 16    Dex: 12    Spells: 15/15 levels left

rFire    + . .     SeeInvis .   F - +5 war axe (vamp)
rCold    + . .     Gourm    .   j - +0 large shield
rNeg     + + +     Faith    +   i - +1 plate armour
rPois    ∞         Spirit   .   t - +0 helmet
rElec    .         Reflect  .   (no cloak)
rCorr    .         Harm     .   w - +2 pair of gloves
MR       +....                  C - +0 pair of boots
Stlth    ..........             E - amulet of Icuuhudi {Faith rN+ MR+ Dex+4}
HPRegen  0.00/turn              v - +2 ring of strength
MPRegen  0.15/turn              H - ring of protection from fire

@: rotting
A: rotting body, claws 1, carnivore, cold resistance 1, negative energy
resistance 3, inhibited regeneration, torment resistance, unbreathing
a: Heroism, Finesse, Renounce Religion


You were on level 12 of the Dungeon.
You worshipped Okawaru.
Okawaru was extremely pleased with you.
You were not hungry.

You visited 2 branches of the dungeon, and saw 13 of its levels.
You also visited: Sewer.

You collected 664 gold pieces.
You spent 77 gold pieces at shops.

Inventory:

Hand Weapons
 F - a +5 vampiric war axe (weapon)
 N - the +12 Vampire's Tooth {vamp}
   (You found it on level 11 of the Dungeon)

   It inflicts no extra harm, but heals its wielder when it wounds a living foe.
 O - the +9 trident of Truncation {elec, *Corrode rElec rC++ Dex+5}
   (You found it on level 11 of the Dungeon)

   Occasionally, upon striking a foe, it will discharge some electrical energy
   and cause terrible harm.
   It affects your dexterity (+5).
   It greatly protects you from cold.
   It insulates you from electricity.
   It may corrode you when you take damage.
Missiles
 d - 8 tomahawks
 g - 3 javelins (quivered)
Armour
 i - a +1 plate armour (worn)
 j - a +0 large shield (worn)
 t - a +0 helmet (worn)
 w - a +2 pair of gloves (worn)
 C - a +0 pair of boots (worn)
Jewellery
 v - a +2 ring of strength (left hand)
 y - an uncursed ring of wizardry
 E - the amulet of Icuuhudi (around neck) {Faith rN+ MR+ Dex+4}
   (You found it on level 6 of the Dungeon)

   [amulet of faith]

   It allows you to gain divine favour quickly.
   It affects your dexterity (+4).
   It protects you from negative energy.
   It affects your resistance to hostile enchantments.
 H - a ring of protection from fire (right hand)
Wands
 b - a wand of flame (51)
 l - a wand of random effects (13)
 q - a wand of polymorph (14)
 z - a wand of iceblast (17)
 I - a wand of disintegration (24)
 J - a wand of clouds (1)
Scrolls
 a - a scroll of enchant armour
 c - a scroll of vulnerability
 k - 2 scrolls of fog
 m - a scroll of enchant weapon {unknown}
 o - 5 scrolls of remove curse
 s - a scroll of blinking
 x - 3 scrolls of teleportation
 A - 2 scrolls of magic mapping
 K - 6 scrolls of random uselessness {unknown}
 L - a scroll of amnesia {unknown}
 M - 2 scrolls of brand weapon {unknown}
Potions
 e - 2 potions of invisibility
 h - 3 potions of curing
 n - a potion of brilliance
 p - 2 potions of magic
 u - a potion of haste {unknown}
 B - a potion of lignification {unknown}
 D - a potion of flight {unknown}
Comestibles
 f - 31 rations


   Skills:
 + Level 9.0 Fighting
 + Level 3.1 Short Blades
 * Level 13.5 Axes
 + Level 0.7(9.0) Polearms
 + Level 7.2 Armour
 + Level 7.9 Shields
 + Level 3.8 Unarmed Combat
 + Level 1.7 Spellcasting
 * Level 5.9 Invocations
 * Level 6.8 Evocations


You had 15 spell levels left.
You didn't know any spells.
Your spell library contained the following spells:

 Spells                   Type           Power        Failure   Level  Hunger
 Corona                   Hex            #......      100%        1    ##.....
 Magic Dart               Conj           #...         100%        1    ##.....
 Summon Butterflies       Summ           #.......     100%        1    ##.....
 Blink                    Tloc           N/A          100%        2    ###....
 Call Imp                 Summ           #.......     100%        2    ###....
 Ensorcelled Hibernation  Hex/Ice        #.....       100%        2    ###....
 Slow                     Hex            #.......     100%        2    ###....
 Call Canine Familiar     Summ           #.......     100%        3    ####...
 Confuse                  Hex            #.......     100%        3    ####...
 Conjure Flame            Conj/Fire      #.......     100%        3    ####...
 Dazzling Spray           Conj/Hex       #.....       100%        3    ####...
 Mephitic Cloud           Conj/Pois/Air  #.......     100%        3    ####...
 Tukima's Dance           Hex            #.......     100%        3    ####...
 Summon Ice Beast         Ice/Summ       #.......     100%        4    #####..
 Summon Lightning Spire   Summ/Air       #.......     100%        4    #####..
 Silence                  Hex/Air        #.........   100%        5    ######.
 Summon Mana Viper        Hex/Summ       #.......     100%        5    ######.
 Conjure Ball Lightning   Conj/Air       #.........   100%        6    #######
 Deflect Missiles         Chrm/Air       #.........   100%        6    #######
 Summon Hydra             Summ           #.........   100%        7    #######
 Tornado                  Air            #.........   100%        9    #######


Dungeon Overview and Level Annotations

Branches:
Dungeon (12/15)            Temple (1/1) D:4            Lair (0/6) D:8
    Orc (0/2) D:10

Altars:
Ashenzari
Cheibriados
Dithmenos
Elyvilon
Fedhas
Gozag
Hepliaklqana
Kikubaaqudgha
Makhleb
Nemelex Xobeh
Okawaru
Qazlal
Ru
Sif Muna
Trog
Uskayaw
Vehumet
Wu Jian
Xom
Yredelemnul
Zin
The Shining One

Shops:
D:4 :   D:8 ?

Portals:
Trove: D:11 (give 3 potions of resistance)


Innate Abilities, Weirdness & Mutations

Your body is rotting away.
You thrive on raw meat.
You are immune to poison.
You have sharp fingernails.
You are carnivorous and can eat meat at any time.
Your flesh is cold resistant. (rC+)
You are immune to negative energy. (rN+++)
You do not regenerate when monsters are visible.
You are immune to unholy pain and torment.
You can survive without breathing.


Message History

The death knight is severely wounded.
You hit the death knight.
You feel better.
The death knight is severely wounded.
The death knight hits you with a +3 great sword.
You hit the death knight.
The death knight is severely wounded.
The death knight hits you with a +3 great sword!!
* * * LOW HITPOINT WARNING * * *
You hit the death knight.
You feel better.
The death knight is almost dead.
The death knight hits you but does no damage.
Your shield and plate armour prevent you from hitting the death knight.
The death knight is almost dead.
Your plate armour prevents you from hitting the death knight.
The death knight is almost dead.
The death knight hits you with a +3 great sword!!
* * * LOW HITPOINT WARNING * * *
You feel better.
The death knight hits you with a +3 great sword!
You die...

#######....<#####................
......#...........#####..........
......#...........+ #...#####..
.)....#...........+ #...+ #..
......#...........# #...# #..
####!##...........# #...# #..
......)...........#####...#####..
....###########..................
....# #.@...............) ....#
#.p................ ....#
#.................. ....#
#.........#######.. ###.########
#.........# #.. ..#.........
...........# #..
..#'##########..........# #..
.............#..........# #..
.#'######....#########..# #..


You could see a death knight.

Vanquished Creatures
  Fannar (D:12)
  2 two-headed ogres
  3 death yaks (D:8)
  A phantasmal warrior (D:11)
  A guardian serpent (D:12)
  A gargoyle (D:12)
  A freezing wraith (D:10)
  6 trolls
  A tyrant leech (D:11)
  4 hippogriffs
  A shadow (D:12)
  Sigmund (D:6)
  2 wraiths
  2 vampires (D:11)
  5 yaks (D:12)
  Grum (D:8)
  A hungry ghost (D:9)
  5 vampire mosquitoes (D:11)
  A soldier ant (D:10)
  Duvessa (D:5)
  An acid dragon (D:12)
  A porcupine (D:7)
  7 orc warriors
  A sky beast (D:7)
  8 ogres
  3 black bears
  3 ice beasts
  2 necrophages (D:10)
  An eye of draining (D:8)
  3 phantoms
  A crocodile (D:10)
  2 wolves (D:8)
  8 centaurs
  A big kobold (D:11)
  6 bullfrogs
  2 gnoll sergeants
  A wyvern skeleton (D:4)
  Dowan (D:5)
  2 scorpions
  6 killer bees (D:10)
  3 howler monkeys (D:9)
  15 wights
  6 crimson imps
  4 centaur zombies
  8 jellies
  19 orc wizards
  A quasit (D:6)
  7 orc priests
  A bullfrog zombie (D:12)
  5 hounds
  6 centaur skeletons
  A human zombie (D:10)
  A bullfrog skeleton (D:12)
  3 human skeletons (D:10)
  5 iguanas
  Ijyb (D:3)
  5 worker ants
  A hound zombie (D:10)
  A hound skeleton (D:6)
  2 mummies (D:10)
  15 gnolls
  26 adders
  4 river rats
  5 shadow imps
  14 oozes
  2 adder zombies
  An adder skeleton (D:8)
  3 worms
  4 dart slugs
  14 leopard geckos
  53 orcs
  20 giant cockroaches
  7 hobgoblins
  13 jackals
  4 quokkas
  10 ball pythons
  7 bats
  14 frilled lizards
  12 goblins
  9 kobolds
  An orc skeleton (D:10)
  A quokka skeleton (D:7)
  A quokka zombie (D:5)
  7 rats
443 creatures vanquished.

Notes
Turn   | Place    | Note
-------+----------+-------------------------------------------
     0 | D:1      | Inarius the Ghoul Fighter began the quest for the Orb.
     0 | D:1      | Reached XP level 1. HP: 19/19 MP: 0/0
   158 | D:1      | Reached skill level 2 in Axes
   158 | D:1      | Reached XP level 2. HP: 25/26 MP: 1/1
   646 | D:1      | Reached XP level 3. HP: 31/31 MP: 2/2
   784 | D:2      | Reached skill level 3 in Axes
   784 | D:2      | Reached XP level 4. HP: 9/39 MP: 3/3
  1013 | D:2      | Found a bloodstained altar of Trog.
  1113 | D:2      | Reached XP level 5. HP: 46/46 MP: 4/4
  1353 | D:2      | Found a burning altar of Makhleb.
  1354 | D:2      | Found a basalt altar of Yredelemnul.
  1411 | D:3      | Noticed Ijyb
  1427 | D:3      | Killed Ijyb
  1835 | D:3      | Reached skill level 4 in Axes
  2004 | D:3      | Reached XP level 6. HP: 48/52 MP: 5/5
  2057 | D:3      | Found a deep blue altar of Sif Muna.
  2270 | D:4      | Found a hazy altar of Hepliaklqana.
  2414 | D:4      | Found a glowing drain.
  2429 | Sewer    | Entered a sewer
  2504 | Sewer    | Reached skill level 5 in Axes
  2597 | Sewer    | Reached XP level 7. HP: 59/59 MP: 6/6
  2959 | D:4      | Found Funapopi's Book Emporium.
  3019 | D:4      | Found an ornate altar of the Wu Jian Council.
  3082 | D:4      | Found a shadowy altar of Dithmenos.
  3089 | D:4      | Got a spiked ring mail
  3103 | D:4      | Identified the cursed +1 ring mail of Entitlement {rC+}
                  | (You found it on level 4 of the Dungeon)
  3124 | D:4      | Found a staircase to the Ecumenical Temple.
  3141 | Temple   | Entered the Ecumenical Temple
  3185 | Temple   | Became a worshipper of Warmaster Okawaru
  3226 | D:4      | Found a radiant altar of Vehumet.
  3384 | D:4      | Reached skill level 6 in Axes
  3529 | D:5      | Entered Level 5 of the Dungeon
  3530 | D:5      | Noticed Duvessa
  3532 | D:5      | Noticed Dowan
  3568 | D:5      | Killed Duvessa
  3568 | D:5      | Reached XP level 8. HP: 30/67 MP: 7/7
  3568 | D:5      | Killed Dowan
  3661 | D:5      | Found a glowing silver altar of Zin.
  3971 | D:5      | Reached skill level 7 in Axes
  4111 | D:5      | Found a stormy altar of Qazlal.
  4148 | D:6      | Noticed Sigmund
  4163 | D:6      | Killed Sigmund
  4163 | D:6      | Reached skill level 5 in Fighting
  4219 | D:6      | Reached * piety under Okawaru
  4308 | D:6      | Reached skill level 8 in Axes
  4324 | D:6      | Reached XP level 9. HP: 44/73 MP: 8/8
  4373 | D:6      | Reached skill level 5 in Shields
  4462 | D:6      | Reached ** piety under Okawaru
  4553 | D:6      | Got a sparkling amethyst amulet
  4555 | D:6      | Identified the amulet of Icuuhudi {Faith rN+ MR+ Dex+4}
                  | (You found it on level 6 of the Dungeon)
  4584 | D:6      | Got a slimy ring mail
  4595 | D:6      | Identified the +1 ring mail "Qobrob" {rCorr Int+4 Dex+6}
                  | (You found it on level 6 of the Dungeon)
  4652 | D:6      | Reached skill level 9 in Axes
  4905 | D:6      | Reached *** piety under Okawaru
  5364 | D:7      | HP: 1/75 [orc wizard/magic dart (6)]
  5480 | D:7      | Reached skill level 10 in Axes
  5490 | D:7      | Found a hide-covered altar of Uskayaw.
  5495 | D:7      | Reached XP level 10. HP: 51/83 MP: 9/9
  5509 | D:7      | Reached **** piety under Okawaru
  5693 | D:8      | Found Yzigagot's Magic Scroll Shoppe.
  5705 | D:8      | Bought a scroll of magic mapping for 49 gold pieces
  5705 | D:8      | Bought a scroll of identify for 28 gold pieces
  5732 | D:8      | Noticed a death yak
  5733 | D:8      | Noticed a death yak
  5740 | D:8      | Noticed a death yak
  5740 | D:8      | Noticed Grum
  5745 | D:8      | Killed a death yak
  5745 | D:8      | Reached skill level 5 in Armour
  5745 | D:8      | Reached skill level 1 in Evocations
  5748 | D:8      | Killed a death yak
  5748 | D:8      | Reached ***** piety under Okawaru
  5761 | D:8      | Killed Grum
  5761 | D:8      | Reached skill level 11 in Axes
  6389 | D:8      | Received a gift from Okawaru
  6416 | D:8      | Killed a death yak
  6474 | D:8      | Found a staircase to the Lair.
  6504 | D:8      | Reached XP level 11. HP: 94/94 MP: 11/13
  6505 | D:8      | Reached skill level 12 in Axes
  6505 | D:8      | Reached skill level 1 in Spellcasting
  6505 | D:8      | Reached skill level 5 in Evocations
  6505 | D:8      | Reached XP level 12. HP: 102/102 MP: 11/15
  7052 | D:9      | Reached XP level 13. HP: 108/108 MP: 16/16
  7965 | D:10     | Entered Level 10 of the Dungeon
  8044 | D:10     | Found an ancient bone altar of Kikubaaqudgha.
  8179 | D:10     | Received a gift from Okawaru
  8225 | D:10     | Got a smoking quick blade {god gift}
  8227 | D:10     | Identified the +2 quick blade "Bulesyem" {pierce, Str+2}
                  | (Okawaru gifted it to you on level 10 of the Dungeon)
  8269 | D:10     | Found a staircase to the Orcish Mines.
  9209 | D:10     | Reached skill level 13 in Axes
  9323 | D:11     | Found the +12 Vampire's Tooth {vamp}
  9333 | D:11     | Reached skill level 5 in Invocations
  9392 | D:11     | Received a gift from Okawaru
  9639 | D:11     | Found a portal to a secret trove of treasure.
  9644 | D:11     | Got a crystal trident
  9906 | D:11     | Identified the +9 trident of Truncation {elec, *Corrode
                  | rElec rC++ Dex+5} (You found it on level 11 of the Dungeon)
 10535 | D:12     | Noticed Fannar
 10568 | D:12     | Killed Fannar
 11401 | D:12     | Slain by a death knight

Vault maps used:
D:1:      dpeg_arrival_stone_temple_mockup
D:2:      gammafunk_temple_overflow_statue, trog_book
D:3:      lemuel_coloured_pillars_altar, uniq_ijyb
D:4:      nicolae_overflow_quartered_altars, minmay_temple_entry_junction_2,
          first_ration, serial_shops, kennysheep_mini_moat,
          lightli_sewer_entry_pipes
D:5:      overflow_temple_1_default, nicolae_qazlal_eye_of_the_storm,
          uniq_duvessa
D:6:      minivault_27, grunt_tough_drop, uniq_sigmund
D:7:      overflow_temple_1_default
D:8:      dpeg_lair_monsters, serial_shops, shop_scrolls, uniq_grum
D:9:      hangedman_little_slice_of_home, minmay_misc_feat_room
D:10:     david_orc_4, lemuel_mausoleum_altar_kikubaaqudgha
D:11:     enter_trove_2, minmay_guarded_unrand_vampires_tooth
D:12:     uniq_fannar
Temple:   nicolae_temple_god_jail
Sewer:    sewer_frog_island_02

Skill      XL: |  1  2  3  4  5  6  7  8  9 10 11 12 13 |
---------------+----------------------------------------+-----
Axes           | 2 3 4 5 6 8 10 11 12 13 | 13.5
Armour         | 3 4 6 7 |  7.2
Shields        | 3 4 5 6 7 |  7.9
Fighting       | 4 5 6 7 8 9 |  9.0
Evocations     | 4 5 6 |  6.8
Short Blades   | 2 3 |  3.1
Unarmed Combat | 2 3 |  3.8
Invocations    | 2 3 4 5 |  5.9
Spellcasting   | 1 |  1.7
Polearms       | |  0.7

Action                   |  1- 3 |  4- 6 |  7- 9 | 10-12 | 13-15 || total
-------------------------+-------+-------+-------+-------+-------++-------
Melee: War axe           |   100 |   410 |   449 |    59 |   620 ||  1638
       Hand axe          |       |       |   107 |    79 |       ||   186
       Trident           |       |       |       |       |    45 ||    45
Throw: Javelin           |       |       |     3 |     3 |       ||     6
Evoke: Wand              |       |       |       |     6 |     2 ||     8
  Use: Scroll            |       |     7 |     4 |     9 |     5 ||    25
       Potion            |       |       |     1 |     6 |     1 ||     8
 Stab: Distracted        |       |       |       |     1 |       ||     1
  Eat: Chunk             |    12 |    39 |    69 |    15 |    52 ||   187
Armor: Scale mail        |     9 |       |       |       |       ||     9
       Plate armour      |    64 |   368 |   366 |    45 |   313 ||  1156
       Ring mail         |       |       |    22 |       |       ||    22
Dodge: Dodged            |    13 |    82 |   119 |    13 |    54 ||   281
Block: Shield            |    35 |   277 |   286 |    27 |       ||   625
       Large shield      |       |       |       |    49 |   575 ||   624

Table legend:
 A = Non-vault XP
 B = Vault XP
 C = Vault XP percentage of total XP
 D = Non-vault monster count
 E = Vault monster count
 F = Vault count percentage of total count
                 A         B        C        D         E       F
            +---------+---------+-------+---------+---------+-------
      Total |   19639 |    8473 |  30.1 |     323 |     120 |  27.1
            +---------+---------+-------+---------+---------+-------
        D:1 |      39 |       0 |   0.0 |      21 |       0 |   0.0
        D:2 |     153 |       0 |   0.0 |      32 |       0 |   0.0
        D:3 |     105 |      36 |  25.5 |      25 |       1 |   3.8
        D:4 |     414 |      57 |  12.1 |      23 |       6 |  20.7
        D:5 |     330 |     233 |  41.4 |      10 |       2 |  16.7
        D:6 |    1764 |     364 |  17.1 |      38 |       6 |  13.6
        D:7 |    1145 |     145 |  11.2 |      26 |       1 |   3.7
        D:8 |    1231 |    3121 |  71.7 |      23 |       8 |  25.8
        D:9 |    2219 |     156 |   6.6 |      25 |       8 |  24.2
       D:10 |    3974 |    1459 |  26.9 |      39 |      29 |  42.6
       D:11 |    2323 |    1604 |  40.8 |      19 |       8 |  29.6
       D:12 |    5942 |    1028 |  14.7 |      42 |       1 |   2.3
      Sewer |       0 |     270 | 100.0 |       0 |      50 | 100.0
            +---------+---------+-------+---------+---------+-------
